 Dungeon Crawl Stone Soup version 0.30-a0-760-g5a9884bb7c (webtiles) character file.

Game seed: 4160971036201969504

27 xian the Chiller (level 2, -2/19 HPs)
             Began as a Demonspawn Ice Elementalist on Feb 12, 2023.
             Slain by Sigmund
             ... wielding a +4 scythe of freezing
              (7 damage)
             ... on level 2 of the Dungeon.
             The game lasted 00:03:49 (1037 turns).

xian the Chiller (Demonspawn Ice Elementalist)      Turns: 1037, Time: 00:03:49

Health: -2/19      AC:  3    Str:  8    XL:     2   Next: 93%
Magic:  4/5        EV: 11    Int: 16    God:
Gold:   116        SH:  0    Dex: 13    Spells: 4/5 levels left

rFire   . . .      SeeInvis .    a - +0 dagger (venom)
rCold   . . .      Faith    .    (no shield)
rNeg    . . .      Spirit   .    d - +0 leather armour
rPois   .          Reflect  .    (no helmet)
rElec   .          Harm     .    (no cloak)
rCorr   .          Rampage  .    (no gloves)
Will    .....                    (no boots)
Stlth   ++                       (no amulet)
HPRegen 0.23/turn                (no ring)
MPRegen 0.09/turn                (no ring)

@: about to teleport
A: powered by pain 1
a: no special abilities


You were on level 2 of the Dungeon.
You visited 1 branch of the dungeon, and saw 2 of its levels.

You collected 116 gold pieces.

Inventory:

Hand Weapons
 a - a +0 dagger of venom (weapon)
Missiles
 i - 6 javelins
Armour
 d - a +0 leather armour (worn)
Jewellery
 p - a ring of flight
Wands
 o - a wand of flame (12)
Scrolls
 c - a scroll of vulnerability {unknown}
 e - a scroll of enchant weapon {unknown}
 f - 2 scrolls of magic mapping
 h - a scroll of noise {unknown}
 j - 2 scrolls of identify
 k - a scroll of amnesia {unknown}
 l - a scroll of enchant armour {unknown}
Potions
 b - a potion of magic
 g - a potion of lignification {unknown}
 n - a potion of heal wounds {unknown}


   Skills:
 + Level 0.1 Short Blades
 + Level 0.1 Armour
 + Level 1.8 Dodging
 + Level 1.9 Stealth
 + Level 0.2 Unarmed Combat
 + Level 2.2 Spellcasting
 + Level 4.1 Ice Magic


You had 4 spell levels left.
You knew the following spells:

 Your Spells              Type           Power      Damage    Failure   Level
a - Freeze                Ice            60%        1d7       5%          1

Your spell library contained the following spells:

 Spells                   Type           Power      Damage    Failure   Level
 Frozen Ramparts          Ice            30%        1d5       16%         3
 Ozocubu's Armour         Ice            15%        N/A       16%         3
 Summon Ice Beast         Ice/Summ       8%         N/A       77%         4


Dungeon Overview and Level Annotations

Branches:
Dungeon (2/15)

Altars:

Annotations:
D:2 Sigmund


Innate Abilities, Weirdness & Mutations

You sometimes gain a little power by taking damage.


Message History

The ball python constricts you.
You freeze the ball python.
You kill the ball python!
You can't see any susceptible monsters within range! (Use Z to cast anyway.)
p - a ring of flight Sigmund and a dart slug come into view.
Sigmund is wielding a +4 scythe of freezing.
Sigmund shouts!
Sigmund casts a spell at you. The magic dart hits you.
Sigmund casts a spell at you. The magic dart hits you!
Things that are here:
a +0 club; a kobold corpse A giant cockroach comes into view.
Sigmund whispers, "You'll know eternity soon."
You freeze the giant cockroach.
The giant cockroach is moderately wounded.
The giant cockroach closely misses you. x2
You freeze the giant cockroach.
You kill the giant cockroach!
You can't see any susceptible monsters within range! (Use Z to cast anyway.)
You can't see any susceptible monsters within range! (Use Z to cast anyway.)
A kobold comes into view. It is wielding a +0 short sword.
Sigmund casts a spell at you. The puff of flame misses you.
Sigmund hits you with a +4 scythe of freezing.
Sigmund freezes you.
As you read the scroll labelled POSHRI MEBO, it crumbles to dust.
It is a scroll of identify.
m - a scroll of teleportation
As you read the scroll of teleportation, it crumbles to dust.
You feel strangely unstable.
The kobold hits you with a +0 short sword.
Sigmund misses you. The kobold attacks as you move away!
The kobold hits you with a +0 short sword.
* * * LOW HITPOINT WARNING * * *
Sigmund hits you from afar with a +4 scythe of freezing!
You die...

######### #.......#
### #.......# ..###
#@K.....# #.#..
#..@....# #.#.#
####....######.#.#
.P...P.P.....##.#.#
##....P.P..#.##...#
P.####...........#
..
....###..#####.## .
...P #### #..#
.P⌠P. #.. ##.#


You could see Sigmund and a kobold.

Vanquished Creatures
  4 dart slugs
  2 endoplasms (D:2)
  A giant cockroach (D:2)
  2 goblins
  2 hobgoblins
  2 ball pythons (D:2)
  A frilled lizard (D:1)
  3 kobolds
  A rat (D:1)
18 creatures vanquished.

Vanquished Creatures (others)
  2 plants (D:2)
2 creatures vanquished.

Grand Total: 20 creatures vanquished

Notes
Turn   | Place    | Note
-------+----------+-------------------------------------------
     0 | D:1      | xian the Demonspawn Ice Elementalist began the quest for
                  | the Orb.
     0 | D:1      | Reached XP level 1. HP: 13/13 MP: 3/3
   267 | D:1      | Gained mutation: You sometimes gain a little power by
                  | taking damage. [demonic ancestry]
   267 | D:1      | Reached XP level 2. HP: 16/19 MP: 5/5
   296 | D:1      | Reached skill level 4 in Ice Magic
   938 | D:2      | Noticed Sigmund
  1037 | D:2      | Slain by Sigmund

Illustrated notes

Levels and vault maps discovered:
D:1:      roderic_chinese_lattice_arrival, layout_basic,
          chequers_serial_rivers_small_3
D:2:      layout_rooms, shapermc_ecumenical_altar_mp_ritualfount, uniq_sigmund

Skill      XL: |  1  2 |
---------------+-------+-----
Ice Magic      | 4 |  4.1
Short Blades   | |  0.1
Armour         | |  0.1
Dodging        | |  1.8
Stealth        | |  1.9
Unarmed Combat | |  0.2
Spellcasting   | |  2.2

Action                     || total
---------------------------++-------
  Melee: Unarmed           ||    11
         Dagger            ||    18
         Punch             ||     1
   Cast: Freeze            ||    19
    Use: Scroll            ||     3
   Stab: Sleeping          ||     2
 Armour: Leather armour    ||    11
         Robe              ||     1
  Dodge: Dodged            ||    24

Table legend: (Time is in decaauts)
 A = Elapsed time spent in this place.
 B = Non-inter-level travel time spent in this place.
 C = Inter-level travel time spent in this place.
 D = Time resting spent in this place.
 E = Time spent auto-exploring this place.
 F = Levels seen in this place.
 G = Mean time per level.
                   A        B        C        D        E       F      G
               +--------+--------+--------+--------+--------+-----+--------+
         Total |   1039 |   1009 |     30 |      0 |    661 |   2 |  519.5 |
       Dungeon |   1039 |   1009 |     30 |      0 |    661 |   2 |  519.5 |
               +--------+--------+--------+--------+--------+-----+--------+

Top non-repeatable levels by time:
     D:1: 642 daAuts
     D:2: 397 daAuts
